 Dungeon Crawl Stone Soup version 0.31-a0-1287-g2f004bd (webtiles) character file.

Game seed: 15235308352344498014

121 victory0771 the Chopper (level 4, 0/41 HPs)
             Began as a Minotaur Fighter on Dec 17, 2023.
             Succumbed to Crazy Yiuf's poison
             ... on level 2 of the Dungeon.
             The game lasted 00:02:31 (1802 turns).

victory0771 the Chopper (Minotaur Fighter)          Turns: 1802, Time: 00:02:32

Health: 0/41       AC:  7    Str: 22    XL:     4   Next: 76%
Magic:  0/3        EV:  9    Int:  5    God:
Gold:   125        SH:  4    Dex: 10    Spells: 3/3 levels left

rFire   . . .        a - +0 war axe
rCold   . . .        c - +0 buckler
rNeg    . . .        b - +0 scale mail
rPois   .            (helmet restricted)
rElec   .            (no cloak)
rCorr   .            (no gloves)
SInv    .            (no boots)
Will    .....        (no amulet) Stlth
                     g - ring of flight
HPRegen 0.26/turn    (no ring)
MPRegen 0.08/turn

%: no passive effects
@: lethally poisoned (0 -> -1), flying
A: horns 2, retaliatory headbutt
a: no special abilities


You were on level 2 of the Dungeon.
You visited 1 branch of the dungeon, and saw 2 of its levels.

You collected 125 gold pieces.

Inventory:

Hand Weapons
 a - a +0 war axe (weapon)
 l - a +3 halberd
Armour
 b - a +0 scale mail (worn)
 c - a +0 buckler (worn)
 j - a +1 leather armour of cold resistance
Jewellery
 g - a ring of flight (left hand)
Scrolls
 e - a scroll of torment {unknown}
 h - 2 scrolls of teleportation {unknown}
 k - 2 scrolls of amnesia {unknown}
 m - a scroll of immolation {unknown}
Potions
 d - a potion of might {!q}
 f - 2 potions of attraction {unknown}
 i - a potion of enlightenment {unknown}
 n - a potion of lignification {unknown}


   Skills:
 + Level 4.6 Fighting
 * Level 4.6 Axes
 - Level 4.1 Armour
 - Level 4.0 Shields


You had 3 spell levels left.
You didn't know any spells.
Your spell library contained the following spells:

 Spells                   Type           Power      Damage    Failure   Level
 Foxfire                  Conj/Fire      0%         2x1d4     86%         1
 Plasma Beam              Fire/Air       0%         2x1d10    100%        6
 Starburst                Conj/Fire      0%         6d3       100%        6


Dungeon Overview and Level Annotations

Branches:
Dungeon (2/15)

Altars:


Innate Abilities, Weirdness & Mutations

You have a pair of horns on your head.
You reflexively headbutt those who attack you in melee.


Message History

Crazy Yiuf hits you with a +2 quarterstaff of chaos.
You are poisoned.
Crazy Yiuf hits you but does no damage.
Taken [2] Damage!
You left [39] HP You slash Crazy Yiuf!
Crazy Yiuf is severely wounded.
You feel very sick.
Crazy Yiuf hits you with a +2 quarterstaff of chaos.
You feel your power leaking away.
* * * LOW MAGIC WARNING * * *
Taken [8] Damage!
You left [31] HP You barely miss Crazy Yiuf.
Crazy Yiuf is severely wounded.
You feel sick.
Crazy Yiuf hits you with a +2 quarterstaff of chaos.
* * * LOW HITPOINT WARNING * * *
Crazy Yiuf burns you.
* * * LOW HITPOINT WARNING * * *
Taken [9] Damage!
You left [22] HP You closely miss Crazy Yiuf.
Your headbutt misses Crazy Yiuf.
Crazy Yiuf is severely wounded.
You feel sick.
Crazy Yiuf hits you with a +2 quarterstaff of chaos!
* * * LOW HITPOINT WARNING * * *
You are electrocuted!
* * * LOW HITPOINT WARNING * * *
You block Crazy Yiuf's attack.
Taken [19] Damage!
You left [3] HP You closely miss Crazy Yiuf.
You headbutt Crazy Yiuf.
You kill Crazy Yiuf!
* * * LOW HITPOINT WARNING * * *
You feel sick.
Taken [2] Damage!
You left [1] HP
* * * LOW HITPOINT WARNING * * *
You feel sick.
There is an open translucent door here.
Things that are here:
a +2 quarterstaff of chaos; a +1 cloak of willpower; the gnoll corpse of Crazy Yiuf Unknown command.
You die...

...........# ♣.♣..♣ #...........
#..........# ♣♣...♣ ###.##......
#.....##.### ♣♣.♣♣ #.........
......##.# ♣♣.♣ ###.#.......
<###..###### ♣.♣♣ #.#.#.#.##.# ##
#..# #..# ♣♣.♣ #.#.#.#.##.# #
#..###..# ♣.♣♣ #.#........#
####..##...# ##)## #...........
......##.### #.@.# #...........
####..##.### #...# ###.........
##..†......# #)..# #...........
.###..#..### ##### #..........#
.♣##..#..# #..........#
..#......# ######..........#
..'...#..# #.#.#...........#
..'.(.#..########.#.#...........#
..'...#..#.......................


There were no monsters in sight!

Vanquished Creatures
  Crazy Yiuf (D:2)
  3 gnolls (D:2)
  2 adders (D:2)
  A dart slug (D:1)
  4 ball pythons
  3 endoplasms
  3 giant cockroaches (D:2)
  2 goblins
  3 hobgoblins
  6 jackals
  6 kobolds
  2 quokkas
  4 bats
  A frilled lizard (D:2)
  3 rats
44 creatures vanquished.

Notes
Turn   | Place    | Note
-------+----------+-------------------------------------------
     0 | D:1      | victory0771 the Minotaur Fighter began the quest for the
                  | Orb.
     0 | D:1      | Reached XP level 1. HP: 19/19 MP: 0/0
   148 | D:1      | Reached XP level 2. HP: 26/27 MP: 1/1
   257 | D:1      | Found a faded altar of an unknown god.
   674 | D:2      | Reached XP level 3. HP: 21/33 MP: 2/2
  1101 | D:2      | Reached XP level 4. HP: 32/40 MP: 3/3
  1579 | D:2      | Found a runed translucent door.
  1580 | D:2      | Noticed Crazy Yiuf
  1800 | D:2      | Killed Crazy Yiuf
  1800 | D:2      | HP: 1/41 [poisoned by Crazy Yiuf]
  1802 | D:2      | Succumbed to Crazy Yiuf's poison

Illustrated notes

Levels and vault maps discovered:
D:1:      eino_arrival_water_star, layout_basic,
          hellmonk_ecumenical_altar_dog_temple, hangedman_decor_riveting
D:2:      layout_basic, kennysheep_donut, minmay_misc_feat_encased,
          uniq_crazy_yiuf_cottage

Skill      XL: |  1  2  3 |
---------------+----------+-----
Axes           | 3 4 |  4.6
Fighting       | 4 |  4.6
Armour         | 4 |  4.1
Shields        | 4 |  4.0

Action                     |  1- 3 |  4- 6 || total
---------------------------+-------+-------++-------
  Melee: War axe           |    72 |    23 ||    95
         Headbutt          |    12 |     2 ||    14
 Armour: Scale mail        |    59 |    14 ||    73
  Dodge: Dodged            |    33 |    12 ||    45
  Block: Buckler           |    20 |     5 ||    25

Table legend: (Time is in decaauts)
 A = Elapsed time spent in this place.
 B = Non-inter-level travel time spent in this place.
 C = Inter-level travel time spent in this place.
 D = Time resting spent in this place.
 E = Time spent auto-exploring this place.
 F = Levels seen in this place.
 G = Mean time per level.
                   A        B        C        D        E       F      G
               +--------+--------+--------+--------+--------+-----+--------+
         Total |   1837 |   1786 |     51 |     93 |   1450 |   2 |  918.5 |
       Dungeon |   1837 |   1786 |     51 |     93 |   1450 |   2 |  918.5 |
               +--------+--------+--------+--------+--------+-----+--------+

Top non-repeatable levels by time:
     D:2: 1183 daAuts
     D:1: 653 daAuts
